AoeStats
← 1980195387

Oasis

510257217Analyzed
2v2 RM · 9h ago on Sep 30, 2026· 86m 30s· 4 players
Game mode
Random Map
Map size
Medium (4 player)
Population
200
Speed
Normal
Resources
Standard
Victory
Conquest
Starting age
Dark Age
Ending age
Imperial Age
RankedLock teamsTeams togetherTeam positionsShared explorationLock speedFull tech treeHidden civsTurbo modeCheats
Victory
Defeat
🇺🇸 Jurchens · United States
620
+6
🇺🇸 Saxons · United States
540
+9
🇨🇳 Britons · China
388
-8
🇲🇽 Khmer · Mexico
364
-7
1980195387
10:57 Feudal Age
15:55 Castle Age
18:09 Wheelbarrow
17:32 Double-Bit Axe
19:14 Fletching
23:47 Horse Collar
27:01 Hand Cart
27:01 Heavy Plow
28:25 Gold Mining
30:08 Bodkin Arrow
30:14 Padded Archer Armor
30:19 Pikeman
31:00 Squires
32:43 Yeomen
33:42 Gold Shaft Mining
32:57 Stone Mining
33:30 Leather Archer Armor
33:26 Forging
33:17 Scale Mail Armor
34:32 Bow Saw
36:08 Iron Casting
38:10 Imperial Age
35:41 Elite Skirmisher
38:18 Chain Mail Armor
38:28 Onager
39:14 Elite Longbowman
40:23 Bracer
40:54 Ring Archer Armor
43:35 Blast Furnace
43:06 Plate Mail Armor
43:14 Halberdier
46:23 Heavy Scorpion
50:00 Caravan
51:28 Onager
53:27 Scale Barding Armor
54:35 Two-Man Saw
59:50 Hoardings
59:17 Warwolf
65:20 Chain Barding Armor
64:48 Loom
71:33 Ballistics
72:13 Chemistry
70:55 Treadmill Crane
71:25 Masonry
71:21 Siege Engineers
71:11 Murder Holes
71:27 Fortified Wall
75:54 Architecture
PrimeRepapuz
14:47 Feudal Age
15:44 Horse Collar
15:54 Double-Bit Axe
16:04 Gold Mining
21:52 Castle Age
20:03 Stone Mining
21:47 Wheelbarrow
21:54 Wheelbarrow
23:17 Heavy Plow
23:34 Bow Saw
25:57 Gold Shaft Mining
25:59 Stone Shaft Mining
27:04 Hand Cart
28:12 Man-at-Arms
29:02 Long Swordsman
36:35 Imperial Age
36:12 Masonry
36:00 Murder Holes
36:18 Fortified Wall
38:37 Double Crossbow
39:52 Elite Ballista Elephant
40:36 Tusk Swords
41:15 Town Watch
42:57 Cavalier
42:58 Light Cavalry
43:49 Bloodlines
lxatruch
13:46 Feudal Age
18:40 Castle Age
17:01 Double-Bit Axe
17:02 Horse Collar
21:22 Bow Saw
23:59 Padded Archer Armor
25:39 Gambesons
25:54 Squires
26:52 Squires
29:10 Ballistics
30:23 Leather Archer Armor
30:00 Fletching
30:23 Forging
30:09 Elite Skirmisher
33:30 Iron Casting
36:16 Imperial Age
38:32 Siege Engineers
43:04 Ring Archer Armor
43:10 Iron Casting
44:10 Two-Man Saw
49:12 Bloodlines
49:04 Husbandry
49:50 Bodkin Arrow
50:56 Blast Furnace
50:02 Scale Barding Armor
50:34 Conscription
52:21 Light Cavalry
85:20 Hussar
Warco26
2:46 Loom
13:52 Feudal Age
15:15 Double-Bit Axe
18:20 Man-at-Arms
18:49 Arson
21:22 Castle Age
19:21 Stone Mining
23:18 Scale Mail Armor
25:55 Chain Mail Armor
25:45 Padded Archer Armor
27:21 Squires
29:38 Pikeman
31:24 Gold Mining
33:33 Wheelbarrow
38:46 Imperial Age
39:39 Leather Archer Armor
39:18 Fletching
39:58 Plate Mail Armor
40:36 Illumination
40:49 Theocracy
40:31 Block Printing
39:42 Capped Ram
41:38 Elite Skirmisher
43:24 Bow Saw
44:06 Thumb Ring
45:09 Chemistry
45:45 Hand Cart
45:12 Halberdier
47:18 Redemption
55:49 Bloodlines
55:39 Husbandry
55:01 Light Cavalry
55:16 Siege Ram
56:45 Gold Shaft Mining
56:17 Caravan
58:21 Scale Barding Armor
58:48 Ring Archer Armor
58:13 Bodkin Arrow
59:21 Ballistics
59:05 Hussar
59:23 Heavy Scorpion
70:17 Bracer
70:39 Chain Barding Armor
Connection lost

Rejoining the realm…

Still unreachable

The connection could not be restored.

Session expired

The server has moved on; the page needs a fresh start.